Selects Luftwaffe Battlegroup
Selects Luftwaffe Pioneer Support
Construct Infanterie Kompanie
Fallschirmpioneer Squad Paradrop
Fallschirmpioneer Squad Paradrop
Selects Stuka Strafing Run
Construct Panzergrenadier Kompanie
Selects Flak 38 Anti-Air Emplacement
Selects Fallschirmjäger Squad Paradrop
Panzergrenadier Officer Quarters
Fallschirmpioneer Squad Paradrop
Selects Fragmentation Bombs
Fallschirmjäger Squad Paradrop
Selects Flak 36 Anti-tank Gun Emplacement
Nebelwerfer 42 Rocket Launcher Team
Fallschirmjäger Squad Paradrop